 Dungeon Crawl Stone Soup version 0.30.1-9-gdf580d7c3d (webtiles) character file.

Game seed: 6107695613759256496

57840 Wiggles the Severer (level 14, -6/140 HPs)
             Began as a Minotaur Berserker on Oct 17, 2023.
             Was a High Priest of Trog.
             Collided with some lava (12 damage)
             ... caused by a swamp worm
             ... on level 4 of the Lair of Beasts.
             The game lasted 00:29:02 (16035 turns).

Wiggles the Severer (Minotaur Berserker)           Turns: 16035, Time: 00:29:02

Health: -6/140     AC: 26    Str: 33    XL:     14   Next: 47%
Magic:  0/13       EV: 21    Int:  4    God:    Trog [*****.]
Gold:   1151       SH:  0    Dex: 10    Spells: 13/13 levels left

rFire   + . .        B - +5 woodcutter's axe
rCold   + . .        (shield currently unavailable)
rNeg    . . .        K - +0 plate armour
rPois   .            x - +2 hat
rElec   .            N - scarf {rC+ rF+}
rCorr   .            L - +2 pair of gloves
SInv    .            d - +1 pair of boots
Will    +....        i - amulet of guardian spirit Stlth
                     s - ring of the Hare {EV+10}
HPRegen 0.43/turn    w - +6 ring of strength
MPRegen 0.13/turn

%: guardian spirit
@: lethally poisoned (-6 -> -21), slowed, very slow
A: horns 2, retaliatory headbutt
a: Renounce Religion, Berserk, Trog's Hand, Brothers in Arms


You were on level 4 of the Lair of Beasts.
You worshipped Trog.
Trog was extremely pleased with you.
You visited 2 branches of the dungeon, and saw 15 of its levels.

You collected 1151 gold pieces.

Inventory:

Hand Weapons
 e - a +1 antimagic battleaxe
 B - the +5 woodcutter's axe (weapon)
   (You found it on level 4 of the Dungeon)
Missiles
 A - 2 throwing nets (quivered)
Armour
 d - a +1 pair of boots (worn)
 x - a +2 hat (worn)
 J - a +0 cloak
 K - a +0 plate armour (worn)
 L - a +2 pair of gloves (worn)
 N - a scarf of resistance (worn)
Jewellery
 i - an amulet of guardian spirit (around neck)
 l - a +5 ring of evasion
 p - a ring of ice
 q - a ring of protection from fire
 r - a ring of see invisible
 s - the ring of the Hare (left hand) {EV+10}
   (You found it on level 11 of the Dungeon)

   [ring of evasion]

   EV:        It affects your evasion (+10).
 w - a +6 ring of strength (right hand)
 y - a ring of willpower
 C - the ring of Siav {Ice rElec Dex+5 Slay-2}
   (You found it on level 7 of the Dungeon)

   [ring of ice]

   It enhances your ice magic.
   Dex:       It affects your dexterity (+5).
   Slay:      It affects your accuracy & damage with ranged weapons and melee
   (-2).
   rF:        It makes you vulnerable to fire.
   rC:        It protects you from cold.
   rElec:     It insulates you from electricity.
 D - an amulet of magic regeneration
 M - a ring of magical power
 O - a ring of resist corrosion
 Q - a ring of positive energy
 S - an amulet of the acrobat
Wands
 f - a wand of iceblast (5)
 o - a wand of charming (14)
 u - a wand of mindburst (13)
 G - a wand of quicksilver (14)
 H - a wand of flame (60)
Scrolls
 a - 4 scrolls of vulnerability
 j - 7 scrolls of teleportation
 v - 2 scrolls of immolation
 E - 2 scrolls of identify
 F - 3 scrolls of magic mapping
 P - a scroll of silence
 T - a scroll of blinking
Potions
 b - 2 potions of flight
 c - 12 potions of curing
 g - 4 potions of mutation
 h - 2 potions of resistance
 k - 4 potions of heal wounds
 m - 5 potions of haste
 t - 5 potions of brilliance
 z - 2 potions of attraction
 I - 2 potions of degeneration
 R - a potion of ambrosia
Miscellaneous
 n - a lightning rod (4/4)


   Skills:
 + Level 17.0 Fighting
 + Level 17.4 Axes
 + Level 16.8 Armour
 + Level 7.0 Dodging
 + Level 1.9 Stealth
 + Level 4.7 Shields


You had 13 spell levels left.
You didn't know any spells.
Your spell library was empty.

Dungeon Overview and Level Annotations

Branches:
Dungeon (11/15)            Temple (0/1) D:7            Lair (4/5) D:11
  Swamp (0/4) Lair:2       Spider (0/4) Lair:2
  Slime: Lair:4-5       Orc: D:9-12

Altars:
Cheibriados
Dithmenos
Elyvilon
Fedhas
Gozag
Hepliaklqana
Kikubaaqudgha
Makhleb
Qazlal
Ru
Sif Muna
Uskayaw
Xom
The Shining One
Jiyva

Shops:
D:5 [   D:6 [   D:9 [

Annotations:
Lair:4 1 transporter


Innate Abilities, Weirdness & Mutations

You have a pair of horns on your head.
You reflexively headbutt those who attack you in melee.


Message History

The swamp worm fires a harpoon shot at you.
The harpoon shot hits you.
You are yanked forward by the harpoon shot.
You violently stop moving!
You open the briar patch like a pillowcase!!!
You destroy the briar patch!
You are engulfed in dark miasma.
You are poisoned.
You feel yourself slow down.
You feel extremely sick.
The swamp worm fires a harpoon shot at you.
The harpoon shot misses you.
You feel extremely sick.
The swamp worm fires a harpoon shot at you.
The harpoon shot misses you.
The swamp worm fires a harpoon shot at you.
The harpoon shot hits you!
* * * LOW HITPOINT WARNING * * *
You are yanked forward by the harpoon shot.
You collide with the briar patch!
The briar patch is lightly damaged.
You become entangled in the net!
The swamp worm fires a harpoon shot at you.
The harpoon shot hits you!
* * * LOW HITPOINT WARNING * * *
You are yanked forward by the harpoon shot.
You collide with the briar patch!
The briar patch is severely damaged.
* * * LOW HITPOINT WARNING * * *
The swamp worm fires a harpoon shot at you.
The harpoon shot hits you.
* * * LOW HITPOINT WARNING * * *
You are yanked forward by the harpoon shot.
You violently stop moving!
The swamp worm fires a harpoon shot at you.
The harpoon shot hits you.
* * * LOW HITPOINT WARNING * * *
You are yanked forward by the harpoon shot.
You violently stop moving!
You die...

#...©....# ##...#.. .
#.#####..####.#..##. ..
...#=©[#....##.#.#.#.
..... #!=?#....P.#.#...#
...####+####...........
..#w≈P°P≈##...........
.. #≈P^P≈w#...........
... ♣≈§^§###.....†.....
....###@§P≈♣#...........
....#w≈.^P≈##...........
....##≈.^.§w#...........
... ♣§.^.≈##...........
#...###P©.###...........
##....#####........P....
#....©...#.[....>.##.
#######.####.....##..
### #.......#.


You could see 4 swamp worms.

Vanquished Creatures
  A sphinx (D:11)
  Josephine (D:10)
  The ghost of Esekla the Eclecticist, a journeyman DEWn of Vehumet (Lair:2)
  A catoblepas (Lair:4)
  2 hydras
  2 boulder beetles
  A centaur warrior (D:11)
  A death knight (D:11)
  4 two-headed ogres
  A deep troll earth mage (D:11)
  5 death yaks (Lair:4)
  Sonja (D:11)
  A lindwurm (Lair:1)
  A bog body (Lair:2)
  A deep elf zephyrmancer (D:9)
  3 ugly things
  17 elephants
  2 cyclopes
  3 black mambas
  Maggie (D:6)
  2 gargoyles (D:11)
  An unseen horror (D:11)
  3 kobold demonologists
  12 cane toads
  A rime drake (Lair:2)
  8 komodo dragons
  A troll (D:11)
  A meliai (D:11)
  2 polar bears
  Prince Ribbit (D:6)
  14 dream sheep (Lair:4)
  3 jumping spiders (Lair:1)
  6 wraiths
  A shadow (D:11)
  4 slime creatures
  A wyvern (Lair:1)
  3 vampires
  3 basilisks
  A redback (Lair:2)
  A steam dragon (D:8)
  50 yaks
  Grum (D:10)
  6 vampire mosquitoes
  3 acid dragons
  16 water moccasins
  3 ice beasts
  2 black bears
  3 orc warriors
  A sky beast (D:8)
  An ogre (D:7)
  24 wolves
  3 phantoms (D:5)
  5 centaurs
  9 kobold brigands
  11 bullfrogs
  Blork the orc (D:6)
  3 scorpions
  2 gnoll sergeants
  24 wights
  3 killer bees (D:9)
  2 vampire bats (D:5)
  2 electric eels (D:8)
  6 howler monkeys
  4 jellies
  4 orc priests
  Crazy Yiuf (D:7)
  A hound (D:5)
  A gnoll bouda (D:4)
  An iron imp (D:9)
  12 orc wizards
  4 hell rats (Lair:3)
  14 gnolls
  3 adders
  A shadow imp (D:8)
  A white imp (D:7)
  2 ufetubi (D:5)
  A dart slug (D:2)
  45 orcs
  6 ball pythons
  6 bats
  3 bat skeletons (D:5)
  2 bat zombies (D:5)
  7 endoplasms
  4 giant cockroaches
  9 goblins
  10 hobgoblins
  4 quokkas
  2 frilled lizards (D:2)
  26 kobolds
  6 rats
480 creatures vanquished.

Vanquished Creatures (collateral kills)
  The ghost of Petet the Severer, a journeyman HOGl of Trog (Lair:3)
  A glowing orange brain (Lair:3)
  A lindwurm (Lair:1)
  A deep elf zephyrmancer (D:9)
  A slime creature (Lair:3)
  A shadow (D:7)
  A yak (Lair:4)
  A swamp drake (D:9)
  An ogre (D:7)
  A crimson imp (D:9)
  2 lava snakes (Lair:1)
  A hound (D:7)
  A jelly (Lair:3)
  An orc wizard (D:7)
  A shadow imp (D:9)
  A white imp (D:9)
  An orc (D:9)
18 creatures vanquished.

Vanquished Creatures (others)
  An orc wizard (D:9)
1 creature vanquished.

Grand Total: 499 creatures vanquished

Notes
Turn   | Place    | Note
-------+----------+-------------------------------------------
     0 | D:1      | Wiggles the Minotaur Berserker began the quest for the Orb.
     0 | D:1      | Reached XP level 1. HP: 19/19 MP: 0/0
   157 | D:1      | Reached XP level 2. HP: 27/27 MP: 1/1
   270 | D:1      | Reached ** piety under Trog
   336 | D:1      | Reached XP level 3. HP: 21/33 MP: 2/2
  1598 | D:3      | Found a faded altar of an unknown god.
  1707 | D:3      | Identified the +1 ring mail of Kibbefe {rF+ Will+}
  1871 | D:3      | Reached XP level 4. HP: 41/41 MP: 3/3
  2307 | D:3      | Found a blossoming altar of Fedhas.
  2307 | D:3      | Found a stormy altar of Qazlal.
  2307 | D:3      | Found a shadowy altar of Dithmenos.
  2307 | D:3      | Found a glowing golden altar of the Shining One.
  2312 | D:3      | Reached *** piety under Trog
  2316 | D:3      | Found a hide-covered altar of Uskayaw.
  2316 | D:3      | Found a snail-covered altar of Cheibriados.
  2402 | D:4      | Reached skill level 5 in Axes
  2402 | D:4      | Reached XP level 5. HP: 34/47 MP: 2/4
  2435 | D:4      | Noticed a water moccasin
  2448 | D:4      | Killed a water moccasin
  2449 | D:4      | Reached XP level 6. HP: 28/55 MP: 2/5
  2805 | D:4      | You fall into a shaft and drop 2 floors!
  2806 | D:6      | Noticed Prince Ribbit
  2810 | D:6      | Noticed Blork the orc
  2816 | D:6      | Killed Blork the orc
  2817 | D:6      | Reached skill level 5 in Fighting
  2824 | D:6      | Noticed a water moccasin
  2825 | D:5      | Entered Level 5 of the Dungeon
  2845 | D:5      | Found Cualenib's Armour Shoppe.
  3234 | D:4      | Reached XP level 7. HP: 61/61 MP: 6/6
  3241 | D:4      | Found the +5 woodcutter's axe
  3244 | D:4      | Reached skill level 5 in Armour
  3245 | D:4      | Reached **** piety under Trog
  3729 | D:5      | Reached skill level 1 in Shields
  3767 | D:5      | Reached XP level 8. HP: 69/69 MP: 7/7
  4091 | D:5      | Found a sacrificial altar of Ru.
  4279 | D:5      | Found an ancient bone altar of Kikubaaqudgha.
  4413 | D:6      | Killed Prince Ribbit
  4592 | D:6      | Found Hoiqon's Antique Armour Emporium.
  4754 | D:6      | Reached XP level 9. HP: 60/74 MP: 4/8
  4762 | D:6      | Reached skill level 10 in Axes
  4990 | D:6      | Noticed Maggie
  5002 | D:6      | Killed Maggie
  5486 | D:7      | Found an opulent altar of Gozag.
  5590 | D:7      | Reached skill level 5 in Dodging
  5730 | D:7      | Found a large runed translucent door.
  5730 | D:7      | Found a large runed translucent door.
  5747 | D:7      | Reached skill level 1 in Stealth
  5747 | D:7      | Found a large runed translucent door.
  5747 | D:7      | Found a large runed translucent door.
  5951 | D:7      | Found a staircase to the Ecumenical Temple.
  5991 | D:7      | Reached XP level 10. HP: 75/85 MP: 7/9
  6141 | D:7      | Noticed a cyclops
  6146 | D:7      | Killed a cyclops
  6147 | D:7      | Reached skill level 10 in Armour
  6153 | D:7      | Identified the +0 quarterstaff "Gasot" {distort, rCorr
                  | Stlth+}
  6289 | D:7      | Found a white marble altar of Elyvilon.
  6426 | D:7      | Identified the ring of Siav {Ice rElec Dex+5 Slay-2}
  6624 | D:7      | Found a runed translucent door.
  6625 | D:7      | Noticed Crazy Yiuf
  6632 | D:7      | Killed Crazy Yiuf
  7125 | D:8      | Found a hazy altar of Hepliaklqana.
  7484 | D:8      | Noticed a two-headed ogre
  7491 | D:8      | Killed a two-headed ogre
  8101 | D:9      | Reached ***** piety under Trog
  8107 | D:9      | Reached XP level 11. HP: 42/97 MP: 5/10
  8443 | D:9      | Noticed a two-headed ogre
  8455 | D:9      | Killed a two-headed ogre
  8591 | D:9      | Found a large runed translucent door.
  8591 | D:9      | Found a large runed translucent door.
  8597 | D:9      | Found a shimmering altar of Xom.
  8603 | D:9      | Noticed a green ugly thing
  8617 | D:9      | Killed a green ugly thing
  8629 | D:9      | Identified the +3 dagger of the Harvest {chaos, Str+2
                  | Int+5}
  8629 | D:9      | Identified the +0 robe of Greed {rC+ Will+ Dex+2 SInv}
  8844 | D:9      | Received a gift from Trog
  8845 | D:9      | Reached skill level 10 in Fighting
  8949 | D:9      | Found Emafomn's Armour Shoppe.
  9015 | D:9      | Noticed a deep elf zephyrmancer
  9015 | D:9      | Noticed a deep elf zephyrmancer
  9025 | D:9      | Killed a deep elf zephyrmancer
  9028 | D:9      | Killed a deep elf zephyrmancer
  9127 | D:10     | Entered Level 10 of the Dungeon
  9156 | D:10     | Noticed a two-headed ogre
  9163 | D:10     | Killed a two-headed ogre
  9526 | D:10     | Noticed Josephine
  9536 | D:10     | Killed Josephine
  9678 | D:10     | Noticed Grum
  9690 | D:10     | Killed Grum
  9775 | D:10     | Found a burning altar of Makhleb.
  9783 | D:10     | Noticed a blizzard demon
  9822 | D:10     | Found a shimmering blue altar of Sif Muna.
  9903 | D:11     | Noticed a red ugly thing
  9906 | D:11     | Noticed a purple ugly thing
  9916 | D:11     | Killed a red ugly thing
  9921 | D:11     | Killed a purple ugly thing
  9922 | D:11     | Reached XP level 12. HP: 111/111 MP: 9/11
  9927 | D:11     | Received a gift from Trog
 10052 | D:11     | Noticed a centaur warrior
 10052 | D:11     | Noticed a sphinx
 10057 | D:11     | Killed a centaur warrior
 10063 | D:11     | Killed a sphinx
 10067 | D:11     | Noticed a death knight
 10072 | D:11     | Killed a death knight
 10072 | D:11     | Noticed a deep troll earth mage
 10074 | D:11     | Noticed a five-headed hydra
 10081 | D:11     | Killed a deep troll earth mage
 10084 | D:11     | Killed an eight-headed hydra
 10087 | D:11     | Found the ring of the Hare {EV+10}
 10323 | D:11     | Noticed a two-headed ogre
 10329 | D:11     | Killed a two-headed ogre
 10387 | D:11     | Noticed a boulder beetle
 10456 | D:11     | Killed a boulder beetle
 10704 | D:11     | Found a staircase to the Lair.
 10732 | D:11     | Noticed Sonja
 10738 | D:11     | Killed Sonja
 11514 | D:11     | Reached skill level 15 in Axes
 11635 | Lair:1   | Entered Level 1 of the Lair of Beasts
 12019 | Lair:1   | Reached XP level 13. HP: 116/124 MP: 10/12
 12649 | Lair:1   | Found a runed translucent door.
 12649 | Lair:1   | Found the +8 whip "Snakebite" {venom, curare, rPois}
 12665 | Lair:1   | Reached skill level 15 in Armour
 12668 | Lair:1   | Found a runed translucent gate.
 12670 | Lair:1   | Found a runed translucent gate.
 12671 | Lair:1   | Found a runed translucent gate.
 12671 | Lair:1   | Found a runed translucent gate.
 12671 | Lair:1   | Found a runed translucent gate.
 12677 | Lair:1   | Found a runed translucent gate.
 12802 | Lair:2   | Found a runed translucent gate.
 12802 | Lair:2   | Found a runed translucent gate.
 12802 | Lair:2   | Found a runed translucent gate.
 13060 | Lair:2   | Found a hole to the Spider Nest.
 13073 | Lair:2   | Reached skill level 15 in Fighting
 13353 | Lair:2   | Found a staircase to the Swamp.
 13610 | Lair:2   | Noticed Esekla's ghost (journeyman DEWn)
 13624 | Lair:2   | Killed Esekla's ghost
 14002 | Lair:3   | Identified the +6 flail of Upheaval {chaos, rF++ Dex+4}
 14024 | Lair:3   | Received a gift from Trog
 14024 | Lair:3   | Found the +11 plutonium sword {Contam Stlth-}
 14774 | Lair:3   | Found a runed translucent gate.
 14775 | Lair:3   | Found a runed translucent gate.
 14777 | Lair:3   | Found a runed translucent gate.
 14778 | Lair:3   | Noticed Petet's ghost (journeyman HOGl)
 15190 | Lair:3   | Found a viscous altar of Jiyva.
 15207 | Lair:3   | Killed Petet's ghost
 15208 | Lair:3   | Reached XP level 14. HP: 99/136 MP: 10/13
 15819 | Lair:4   | Found a transporter.
 16010 | Lair:4   | Found a transporter.
 16035 | Lair:4   | HP: 6/140 [swamp worm/harpoon shot (3)]
 16035 | Lair:4   | Collided with some lava

Illustrated notes

Levels and vault maps discovered:
D:1:      amcnicky_arrival_abandoned_market, layout_basic
D:2:      layout_basic
D:3:      layout_loops_ring, minmay_overflow_temple_hex,
          shapermc_ecumenical_altar_flowoftime
D:4:      layout_cave_pools, pf_guarded_unrand_woodcutter
D:5:      nicolae_BIG_FREAKIN_CUBE, layout_basic, kennysheep_vampire_church,
          mainiacjoe_overflow_small_starburst, serial_shops,
          nicolae_shop_tiny_waterfront, kennysheep_generic_room_9
D:6:      layout_cave_pools, serial_shops, shop, water_maze_lemuel,
          uniq_prince_ribbit1, uniq_maggie, uniq_blork_the_orc
D:7:      layout_basic, mainiacjoe_overflow_paths, elyvilon_altar_3,
          temple_statues, enter_bailey_4, chequers_serial_rivers_marsh,
          minmay_hollow_rounded_squares, uniq_crazy_yiuf_cottage
D:8:      layout_basic, lemuel_crystal_altar, kennysheep_opposing_triangles
D:9:      due_chaos_kobolds, layout_basic, serial_shops, shop,
          hangedman_minor_magic
D:10:     layout_roguey, makhleb_altar_promises_db, led_sif_pool,
          kennysheep_cross_bottleneck, uniq_grum, uniq_josephine
D:11:     nzn_winding_woodlands_stair_trap
          [nzn_winding_woodlands_5x15_river_crossing,
          nzn_winding_woodlands_5x15_sidewinder,
          nzn_winding_woodlands_5x15_jagged,
          nzn_winding_woodlands_15x15_thick_spiral,
          nzn_winding_woodlands_5x15_pool, nzn_winding_woodlands_5x15_parted,
          nzn_winding_woodlands_5x15_split_checker], layout_small_grid,
          lair_entry_dummy, uniq_sonja
Lair:1:   gammafunk_indiana_jones, layout_hall_layers, grunt_megastairs_2
Lair:2:   layout_cave_shapes, skrybe_swamp_entry_bodies, spider_nest_entry_webs,
          ebering_ghost_rock_garden, infiniplex_staircase_pool_2,
          grunt_megastairs_5, serial_bayou_shore_b
Lair:3:   layout_gridlike, gammafunk_ghost_ooze, gauntlet_entry_generic
Lair:4:   gammafunk_worm_tunnel, layout_hall_layers, serial_bayou_shore_a,
          lemuel_fruit_tree

Skill      XL: |  1  2  3  4  5  6  7  8  9 10 11 12 13 14 |
---------------+-------------------------------------------+-----
Axes           | 4 5 6 7 8 9 11 12 13 15 16 17 | 17.4
Fighting       | 4 5 6 7 9 11 14 15 17 | 17.0
Armour         | 3 4 6 7 9 11 13 14 16 | 16.8
Dodging        | 3 4 5 6 7 |  7.0
Shields        | 1 2 4 |  4.7
Stealth        | 1 |  1.9

Action                     |  1- 3 |  4- 6 |  7- 9 | 10-12 | 13-15 || total
---------------------------+-------+-------+-------+-------+-------++-------
  Melee: Hand axe          |   104 |    80 |   128 |       |       ||   312
         Headbutt          |    17 |    16 |    16 |    97 |    59 ||   205
         Punch             |       |     1 |       |       |       ||     1
         Battleaxe         |       |       |    26 |   409 |   287 ||   722
 Invoke: Berserk           |       |     2 |     3 |     9 |     3 ||    17
         Brothers in Arms  |       |       |     1 |     1 |     3 ||     5
  Evoke: Wand              |       |       |       |       |     1 ||     1
    Use: Potion            |       |       |     3 |     4 |       ||     7
         Scroll            |       |       |    12 |    11 |     3 ||    26
 Armour: Animal skin       |    10 |       |       |       |       ||    10
         Chain mail        |    23 |    41 |    60 |    83 |       ||   207
         Plate armour      |       |       |       |    94 |   209 ||   303
  Dodge: Dodged            |    55 |    65 |   168 |   400 |   400 ||  1088
  Block: Buckler           |       |     3 |    39 |       |       ||    42
